 Dungeon Crawl Stone Soup version 0.31-a0-175-g9f7f995f2b (webtiles) character file.

Game seed: 5698668136120632041

161 Kaliban the Chopper (level 5, -6/46 HPs)
             Began as a Hill Orc Fighter on June 17, 2023.
             Mangled by a gnoll
             ... wielding a +0 halberd
             ... led by a gnoll bouda
              (8 damage)
             ... on level 4 of the Dungeon.
             The game lasted 00:10:31 (2655 turns).

Kaliban the Chopper (Hill Orc Fighter)              Turns: 2655, Time: 00:10:32

Health: -6/46      AC:  9    Str: 19    XL:     5   Next: 42%
Magic:  6/6        EV:  9    Int:  8    God:
Gold:   168        SH:  5    Dex: 12    Spells: 4/4 levels left

rFire   . . .        y - +4 war axe
rCold   . . .        c - +0 buckler
rNeg    . . .        b - +0 scale mail
rPois   .            (no helmet)
rElec   .            u - +0 cloak
rCorr   .            x - +0 pair of gloves
SInv    .            (no boots)
Will    .....        (no amulet) Stlth
                     (no ring)
HPRegen 0.27/turn    (no ring)
MPRegen 0.10/turn

%: no passive effects
@: mighty
A: no striking features
a: no special abilities


You were on level 4 of the Dungeon.
You visited 2 branches of the dungeon, and saw 5 of its levels.

You collected 168 gold pieces.

Inventory:

Hand Weapons
 a - a +0 war axe
 g - a +0 mace
 l - a +1 whip of venom
 y - a +4 war axe (weapon)
Missiles
 k - 37 stones (quivered)
Armour
 b - a +0 scale mail (worn)
 c - a +0 buckler (worn)
 u - a +0 cloak (worn)
 x - a +0 pair of gloves (worn)
Wands
 m - a wand of paralysis (9)
Scrolls
 e - a scroll of noise {unknown}
 h - a scroll of vulnerability {unknown}
 j - a scroll of teleportation
 p - a scroll of poison {unknown}
 r - a scroll of revelation {unknown}
 s - a scroll of blinking {unknown}
 t - a scroll of amnesia
 v - a scroll of fog {unknown}
 w - a scroll of identify {unknown}
Potions
 f - a potion of haste {unknown}
 i - a potion of cancellation {unknown}
 n - 2 potions of curing
 o - a potion of degeneration {unknown}
 q - a potion of invisibility {unknown}


   Skills:
 * Level 4.1 Fighting
 * Level 4.3 Axes
 * Level 4.2 Armour
 * Level 1.1 Dodging
 * Level 4.0 Shields
 * Level 1.6 Invocations


You had 4 spell levels left.
You didn't know any spells.
Your spell library contained the following spells:

 Spells                   Type           Power      Damage    Failure   Level
 Lesser Beckoning         Tloc           0%         N/A       93%         2
 Gell's Gravitas          Tloc           0%         N/A       99%         3
 Teleport Other           Tloc           0%         N/A       99%         3


Dungeon Overview and Level Annotations

Branches:
Dungeon (4/15)             Temple (1/1) D:4

Altars:
Dithmenos
Fedhas
Hepliaklqana
Nemelex Xobeh
Sif Muna
Yredelemnul
Zin
The Shining One
Lugonu

Shops:
D:1 =

Annotations:
D:4 Blork the orc


Message History

The gnoll bouda barely misses you.
The gnoll bouda barks out a call to the hunt!
The gnolls pick up the pace!
You hear a shout!
You slash the gnoll bouda!
You kill the gnoll bouda!
A gnoll comes into view. It is wielding a +0 flail.
Your Shields skill increases to level 4!
You block the gnoll's attack.
Things that are here:
a +4 war axe; a +0 robe; a gnoll corpse
y - a +4 war axe The gnoll hits you but does no damage.
The gnoll attacks as you move away! The gnoll closely misses you.
The gnoll hits you from afar with a +0 halberd!
y - a +4 war axe (weapon)
The gnoll hits you with a +0 whip.
You slash the gnoll!
The gnoll is almost dead.
The gnoll hits you from afar with a +0 halberd.
The gnoll hits you with a +0 whip. The gnoll hits you but does no damage.
The gnoll closely misses you.
It was a potion of curing.
You feel better. You block the gnoll's attack. x2
The gnoll hits you from afar with a +0 halberd.
You feel very mighty all of a sudden. The gnoll closely misses you.
The gnoll hits you but does no damage. The gnoll barely misses you.
You slash the gnoll!
You kill the gnoll!
The gnoll hits you but does no damage.
The gnoll hits you from afar with a +0 halberd.
Your life force feels restored.
You block the gnoll's attack. The gnoll hits you with a +0 halberd!
* * * LOW HITPOINT WARNING * * *
Items here: ) [ ††.
You closely miss the gnoll. You slash the gnoll!
The gnoll hits you with a +0 spear.
* * * LOW HITPOINT WARNING * * *
The gnoll hits you with a +0 halberd!
You die...

.........###............
###.........#...........
#.....................
8##.....................
.##...............#
.>#..............##
.###.#..........g#
8###.#.........gg# #
##.###########@#
###..###########.#
#................#
#.################ #.#
#.# #.# #.# #.#


You could see 3 gnolls.

Vanquished Creatures
  A gnoll bouda (D:4)
  2 iguanas (D:4)
  A gnoll (D:4)
  2 adders
  A worm (D:3)
  2 orcs
  4 ball pythons
  4 bats
  3 endoplasms (D:4)
  3 giant cockroaches
  3 goblins
  A hobgoblin (D:2)
  2 jackals (D:2)
  2 quokkas
  5 frilled lizards
  6 kobolds
  7 rats
49 creatures vanquished.

Notes
Turn   | Place    | Note
-------+----------+-------------------------------------------
     0 | D:1      | Kaliban the Hill Orc Fighter began the quest for the Orb.
     0 | D:1      | Reached XP level 1. HP: 19/19 MP: 1/1
     3 | D:1      | Found Muess's Jewellery Shoppe.
   394 | D:1      | Reached XP level 2. HP: 27/27 MP: 2/2
  1162 | D:2      | Reached XP level 3. HP: 24/33 MP: 3/3
  1468 | D:2      | Found the +1 Delatra's gloves {ID++}
  1557 | D:3      | Found a faded altar of an unknown god.
  1648 | D:3      | Identified the +3 quarterstaff "Cod Vegh" {freeze, rN+
                  | Str+3 Int+3}
  1945 | D:3      | Reached XP level 4. HP: 14/31 MP: 4/4
  2255 | D:4      | Found a staircase to the Ecumenical Temple.
  2266 | Temple   | Entered the Ecumenical Temple
  2321 | D:4      | Noticed Blork the orc
  2321 | D:4      | Noticed a scorpion
  2362 | D:4      | Reached skill level 1 in Invocations
  2400 | D:4      | Found a glowing silver altar of Zin.
  2410 | D:4      | Reached skill level 1 in Dodging
  2410 | D:4      | Reached XP level 5. HP: 3/42 MP: 4/6
  2655 | D:4      | HP: 2/46 [gnoll/+0 spear[a gnoll bouda] (4)]
  2655 | D:4      | Mangled by a gnoll

Illustrated notes

Levels and vault maps discovered:
D:1:      tarquinn_simple_flora_water_c, layout_basic, serial_shops, shop
D:2:      minmay_evil_eye, layout_basic
D:3:      layout_basic, dreamdust_ecumenical_altar_grove
D:4:      minmay_diamond_boxcup, layout_basic, grunt_qazlal_clouds,
          nicolae_overflow_hidden_temple, minmay_temple_entry_ruins,
          uniq_blork_the_orc, uniq_grinder
Temple:   corrupted_temple

Skill      XL: |  1  2  3  4  5 |
---------------+----------------+-----
Axes           | 3 4 |  4.3
Fighting       | 4 |  4.1
Invocations    | 1 |  1.6
Armour         | 4 |  4.2
Dodging        | 1 |  1.1
Shields        | 4 |  4.0

Action                     |  1- 3 |  4- 6 || total
---------------------------+-------+-------++-------
  Melee: War axe           |   117 |    40 ||   157
  Throw: Stone             |       |     5 ||     5
    Use: Scroll            |       |     3 ||     3
         Potion            |       |     2 ||     2
 Armour: Scale mail        |    63 |    13 ||    76
  Dodge: Dodged            |    54 |    19 ||    73
  Block: Buckler           |    30 |    12 ||    42

Table legend: (Time is in decaauts)
 A = Elapsed time spent in this place.
 B = Non-inter-level travel time spent in this place.
 C = Inter-level travel time spent in this place.
 D = Time resting spent in this place.
 E = Time spent auto-exploring this place.
 F = Levels seen in this place.
 G = Mean time per level.
                   A        B        C        D        E       F      G
               +--------+--------+--------+--------+--------+-----+--------+
         Total |   2712 |   2512 |    200 |    141 |   1805 |   5 |  542.4 |
       Dungeon |   2664 |   2479 |    185 |    141 |   1780 |   4 |  666.0 |
        Temple |     48 |     33 |     15 |      0 |     25 |   1 |   48.0 |
               +--------+--------+--------+--------+--------+-----+--------+

Top non-repeatable levels by time:
     D:1: 975 daAuts
     D:3: 697 daAuts
     D:2: 596 daAuts
     D:4: 394 daAuts
  Temple: 48 daAuts
